Map: Abyssal Reef LE

Players

Railgan - Winner!

  • Race: Terran Terran
  • League: Grandmaster
  • Spawn Location: 11:00

Taurino

  • Race: Terran Terran
  • League: Diamond
  • Spawn Location: 5:00

VOD

Have the link to the VOD?

Description

Time

  • Played on: March 18, 2017, 2:59 p.m.
  • Length: 4:41
Show
View Real Time Build Order
Export as new Build Order

Railgan Terran - Winner!

Build Orders:  

Get SALT Encoding   

  12  0:01  SCV  
  13  0:13  SCV  
  14  0:18  Supply Depot  
  14  0:25  SCV  
  15  0:33  Refinery  
  15  0:39  SCV  
  16  0:46  Barracks  
  16  0:51  SCV  
  17  0:59  Refinery  
  17  1:03  SCV  
  18  1:15  SCV  
  19  1:28  SCV  
  20  1:33  Reaper  
  20  1:37  Supply Depot  
  21  1:42  Orbital Command  
  21  1:47  Factory  
  21  2:05  Reaper  
  22  2:09  SCV  
  23  2:19  Supply Depot  
  23  2:21  SCV  
  24  2:33  SCV  
  25  2:37  Reaper  
  25  2:38  Hellion  
  28  2:54  SCV  
  28  3:01  Hellion  
  30  3:06  SCV  
  30  3:07  Starport  
  30  3:09  Reaper  
  32  3:18  SCV  
  33  3:22  Hellion  
  35  3:30  Supply Depot  
  35  3:35  Command Center  
  35  3:42  Reaper  
  35  3:44  Hellion  
  35  3:47  Starport Tech Lab  
  37  3:53  SCV  
  37  4:05  Hellion, SCV  
  43  4:17  SCV  
  47  4:41  Supply Depot  
Show
View Real Time Build Order
Export as new Build Order

Taurino Terran 

Build Orders:  

Get SALT Encoding   

  12  0:00  SCV  
  13  0:13  SCV  
  14  0:17  Supply Depot  
  14  0:25  SCV  
  15  0:39  SCV  
  16  0:44  Barracks  
  16  0:45  Refinery  
  16  0:51  SCV  
  17  1:04  SCV  
  18  1:10  Barracks  
  18  1:16  SCV  
  18  1:18  Refinery  
  20  1:33  Reaper  
  20  1:39  Supply Depot, Orbital Command  
  20  1:58  Reaper  
  21  2:04  SCV  
  21  2:05  Reaper  
  23  2:30  Reaper, Command Center  
  23  2:50  SCV  
  25  2:56  Factory  
  25  3:00  Barracks Reactor  
  25  3:02  SCV  
  25  3:04  Barracks Tech Lab  
  25  3:14  SCV  
  25  3:25  Marine  
  25  3:26  SCV  
  26  3:28  Bunker  
  26  3:38  SCV  
Tags
 
Add a new tag
Caveats
  • Supply blocks, unpowered buildings, or Contaminate may cause inaccurate times.
  • Supply counts are checked every 10 seconds.